| TOP OF THE 1ST |
|
New York Mets batting - Pitching for San Diego Padres : LHP Pete Schourek
|
|
Pitching: LHP Pete Schourek
|
|
|
Batting: LHB Cliff Floyd
|
0-0: Ball 1-0: Ball 2-0: Ball 3-0: Base on Balls
|
|
Batting: RHB Magglio Ordonez
|
0-0: Ball 1-0: Ball 2-0: Called Strike 2-1: Ball 3-1: Fly out, F8 (Flyball, 89D, EV 99.4 MPH)
|
|
Batting: RHB Gary Sheffield
|
0-0: Ball 1-0: Ball 2-0: Ball 3-0: Called Strike 3-1: Base on Balls Cliff Floyd to second
|
|
Batting: RHB Sammy Sosa
|
0-0: Called Strike 0-1: Ball 1-1: Swinging Strike 1-2: Ball 2-2: Foul Ball, location: 2F 2-2: DOUBLE (Line Drive, 3D, EV 96.9 MPH) Cliff Floyd scores Gary Sheffield to third
|
|
Batting: RHB Phil Nevin
|
0-0: Foul Ball, location: 2F 0-1: Foul Ball, location: 2F 0-2: Strikes out swinging
|
|
Batting: RHB Greg Colbrunn
|
0-0: Ball 1-0: Ball 2-0: Fly out, F8 (Flyball, 8LM, EV 90.0 MPH)
|
| Top of the 1st over - 1 run, 1 hit, 0 errors, 2 left on base; New York 1 - San Diego 0 |
| BOTTOM OF THE 1ST |
|
San Diego Padres batting - Pitching for New York Mets : LHP Tom Glavine
|
|
Pitching: LHP Tom Glavine
|
|
|
Batting: LHB Dave Magadan
|
0-0: Fly out, F7 (Flyball, 7, EV 86.3 MPH)
|
|
Batting: RHB Craig Grebeck
|
0-0: Ball 1-0: Ball 2-0: Called Strike 2-1: Ball 3-1: Base on Balls
|
|
Batting: RHB Andres Galarraga
|
0-0: Swinging Strike 0-1: Ball 1-1: Foul Ball, location: 2F 1-2: Ball 2-2: Strikes out looking
|
|
Batting: RHB Jeff Conine
|
0-0: Called Strike 0-1: Fielders Choice at 2nd, 6-4 (Groundball, 6, EV 103.8 MPH)
|
| Bottom of the 1st over - 0 runs, 0 hits, 0 errors, 1 left on base; New York 1 - San Diego 0 |
| TOP OF THE 2ND |
|
New York Mets batting - Pitching for San Diego Padres : LHP Pete Schourek
|
|
Batting: RHB Bret Boone
|
0-0: SOLO HOME RUN (Flyball, 7LD, EV 87.5 MPH), Distance : 356 ft
|
|
Batting: RHB Olmedo Saenz
|
0-0: Ball 1-0: Foul Ball, location: 2F 1-1: Ground out 5-3 (Groundball, 56S, EV 86.9 MPH)
|
|
Batting: RHB Tom Pagnozzi
|
0-0: Ball 1-0: Ball 2-0: Ball 3-0: Called Strike 3-1: Base on Balls
|
|
Batting: LHB Cliff Floyd
|
0-0: Ball 1-0: Ball 2-0: Foul Ball, location: 2F 2-1: Foul Ball, location: 2F 2-2: Ball 3-2: Fly out, F6 (Popup, 4MD, EV 51.9 MPH)
|
|
Batting: RHB Magglio Ordonez
|
0-0: Ball 1-0: Swinging Strike 1-1: Ball 2-1: Foul Ball, location: 2F 2-2: Foul Ball, location: 2F 2-2: Strikes out swinging
|
| Top of the 2nd over - 1 run, 1 hit, 0 errors, 1 left on base; New York 2 - San Diego 0 |
| BOTTOM OF THE 2ND |
|
San Diego Padres batting - Pitching for New York Mets : LHP Tom Glavine
|
|
Batting: LHB Ed Taubensee
|
0-0: Hit by Pitch
|
|
Batting: RHB Manny Ramirez
|
0-0: Ball 1-0: 2-RUN HOME RUN (Line Drive, 7D, EV 100.0 MPH), Distance : 363 ft
|
|
Batting: SHB Matt Walbeck
|
0-0: Ball 1-0: Ball 2-0: Swinging Strike 2-1: Ball 3-1: Called Strike 3-2: Base on Balls
|
|
Batting: SHB Manuel Lee
|
0-0: SINGLE (Line Drive, 89S, EV 106.3 MPH) Matt Walbeck to second
|
|
Batting: LHB Jim Edmonds
|
0-0: Ball 1-0: Ball 2-0: Ball 3-0: Base on Balls Matt Walbeck to third Manuel Lee to second
|
|
Batting: LHB Dave Magadan
|
0-0: Called Strike 0-1: Ball Wild Pitch! Matt Walbeck scores Manuel Lee to third Jim Edmonds to second 1-1: Ball 2-1: Swinging Strike 2-2: Ground out U3 (Groundball, 34, EV 85.0 MPH) Manuel Lee scores Jim Edmonds to third
|
|
Batting: RHB Craig Grebeck
|
0-0: Swinging Strike 0-1: Foul Ball, location: 2F 0-2: Foul Ball, location: 2F 0-2: Ball 1-2: Strikes out swinging
|
|
Batting: RHB Andres Galarraga
|
0-0: Ball 1-0: 2-RUN HOME RUN (Flyball, 7LD, EV 104.4 MPH), Distance : 352 ft
|
|
Batting: RHB Jeff Conine
|
0-0: Called Strike 0-1: Ball 1-1: Swinging Strike 1-2: Ground out 5-3 (Groundball, 56, EV 93.1 MPH)
|
| Bottom of the 2nd over - 6 runs, 3 hits, 0 errors, 0 left on base; New York 2 - San Diego 6 |
| TOP OF THE 3RD |
|
New York Mets batting - Pitching for San Diego Padres : LHP Pete Schourek
|
|
Batting: RHB Gary Sheffield
|
0-0: Called Strike 0-1: Ball 1-1: Ball 2-1: Foul Ball, location: 2F 2-2: Strikes out swinging
|
|
Batting: RHB Sammy Sosa
|
0-0: Called Strike 0-1: Foul Ball, location: 2F 0-2: Strikes out swinging
|
|
Batting: RHB Phil Nevin
|
0-0: Ball 1-0: Called Strike 1-1: SINGLE (Groundball, 6MD, EV 102.5 MPH)
|
|
Batting: RHB Greg Colbrunn
|
0-0: Ball 1-0: Fielders Choice at 2nd, 6-4 (Groundball, 6, EV 84.4 MPH)
|
| Top of the 3rd over - 0 runs, 1 hit, 0 errors, 1 left on base; New York 2 - San Diego 6 |
| BOTTOM OF THE 3RD |
|
San Diego Padres batting - Pitching for New York Mets : LHP Tom Glavine
|
|
Batting: LHB Ed Taubensee
|
0-0: Called Strike 0-1: Foul Ball, location: 2F 0-2: Ball 1-2: Foul Ball, location: 2F 1-2: Foul Ball, location: 2F 1-2: Ball 2-2: SINGLE (Line Drive, 7S, EV 91.9 MPH)
|
|
Batting: RHB Manny Ramirez
|
0-0: Ball 1-0: Fly out, F8 (Flyball, 89D, EV 96.9 MPH)
|
|
Batting: SHB Matt Walbeck
|
0-0: Called Strike 0-1: Called Strike 0-2: Ball 1-2: Grounds into double play, 6-4-3 (Groundball, 6, EV 102.5 MPH)
|
| Bottom of the 3rd over - 0 runs, 1 hit, 0 errors, 0 left on base; New York 2 - San Diego 6 |
| TOP OF THE 4TH |
|
New York Mets batting - Pitching for San Diego Padres : LHP Pete Schourek
|
|
Batting: RHB Bret Boone
|
0-0: Ball 1-0: Foul Ball, location: 2F 1-1: Foul Ball, location: 2F 1-2: Foul Ball, location: 2F 1-2: Ball 2-2: Ball 3-2: Fly out, F9 (Line Drive, 9D, EV 94.4 MPH)
|
|
Batting: RHB Olmedo Saenz
|
0-0: Foul Ball, location: 2F 0-1: Foul Ball, location: 2F 0-2: Ground out 4-3 (Groundball, 4S, EV 62.5 MPH)
|
|
Batting: RHB Tom Pagnozzi
|
0-0: Foul Ball, location: 2F 0-1: Fly out, F8 (Flyball, 8LS, EV 95.6 MPH)
|
| Top of the 4th over - 0 runs, 0 hits, 0 errors, 0 left on base; New York 2 - San Diego 6 |
| BOTTOM OF THE 4TH |
|
San Diego Padres batting - Pitching for New York Mets : LHP Tom Glavine
|
|
Batting: SHB Manuel Lee
|
0-0: Foul Ball, location: 2F 0-1: Called Strike 0-2: Ball 1-2: Strikes out swinging
|
|
Batting: LHB Jim Edmonds
|
0-0: Ball 1-0: SOLO HOME RUN (Flyball, 89XD, EV 91.3 MPH), Distance : 404 ft
|
|
Pitching: RHP Jim Bullinger
|
|
|
Batting: LHB Dave Magadan
|
0-0: Ball 1-0: Fly out, F6 (Line Drive, 6, EV 68.8 MPH)
|
|
Batting: RHB Craig Grebeck
|
0-0: Ball 1-0: Called Strike 1-1: Ground out 3-1 (Groundball, 34, EV 91.3 MPH)
|
| Bottom of the 4th over - 1 run, 1 hit, 0 errors, 0 left on base; New York 2 - San Diego 7 |
| TOP OF THE 5TH |
|
New York Mets batting - Pitching for San Diego Padres : LHP Pete Schourek
|
|
Batting: LHB Cliff Floyd
|
0-0: Swinging Strike 0-1: Ball 1-1: Foul Ball, location: 2F 1-2: Ball 2-2: Strikes out swinging
|
|
Batting: RHB Magglio Ordonez
|
0-0: Called Strike 0-1: Foul Ball, location: 2F 0-2: Foul Ball, location: 2F 0-2: Foul Ball, location: 2F 0-2: Foul Ball, location: 2F 0-2: Strikes out swinging
|
|
Batting: RHB Gary Sheffield
|
0-0: Ball 1-0: Fly out, F7 (Flyball, 7, EV 89.4 MPH)
|
| Top of the 5th over - 0 runs, 0 hits, 0 errors, 0 left on base; New York 2 - San Diego 7 |
| BOTTOM OF THE 5TH |
|
San Diego Padres batting - Pitching for New York Mets : RHP Jim Bullinger
|
|
Batting: RHB Andres Galarraga
|
0-0: Foul Ball, location: 2F 0-1: Called Strike 0-2: Ball 1-2: Ball 2-2: Fly out, F8 (Flyball, 8RD, EV 83.1 MPH)
|
|
Batting: RHB Jeff Conine
|
0-0: Ball 1-0: Called Strike 1-1: Ground out 4-3 (Groundball, 4S, EV 81.3 MPH)
|
|
Batting: LHB Ed Taubensee
|
0-0: Ball 1-0: Fly out, F7 (Flyball, 7LSF, EV 87.5 MPH)
|
| Bottom of the 5th over - 0 runs, 0 hits, 0 errors, 0 left on base; New York 2 - San Diego 7 |
| TOP OF THE 6TH |
|
New York Mets batting - Pitching for San Diego Padres : LHP Pete Schourek
|
|
Batting: RHB Sammy Sosa
|
0-0: Called Strike 0-1: Swinging Strike 0-2: Ball 1-2: Foul Ball, location: 2F 1-2: Ground out 6-3 (Groundball, 6, EV 85.6 MPH)
|
|
Batting: RHB Phil Nevin
|
0-0: Swinging Strike 0-1: Fly out, F9 (Flyball, 9S, EV 87.5 MPH)
|
|
Batting: RHB Greg Colbrunn
|
0-0: Ball 1-0: Called Strike 1-1: Ball 2-1: Called Strike 2-2: Strikes out swinging
|
| Top of the 6th over - 0 runs, 0 hits, 0 errors, 0 left on base; New York 2 - San Diego 7 |
| BOTTOM OF THE 6TH |
|
San Diego Padres batting - Pitching for New York Mets : RHP Jim Bullinger
|
|
Batting: RHB Manny Ramirez
|
0-0: Foul Ball, location: 2F 0-1: Foul Ball, location: 2F 0-2: Ball 1-2: Ground out 4-3 (Groundball, 6M, EV 85.6 MPH)
|
|
Batting: SHB Matt Walbeck
|
0-0: SINGLE (Groundball, 34D, EV 98.8 MPH)
|
|
Batting: SHB Manuel Lee
|
0-0: Called Strike 0-1: Ball 1-1: Fly out, F8 (Flyball, 8LS, EV 83.8 MPH)
|
|
Batting: LHB Jim Edmonds
|
0-0: Called Strike 0-1: Called Strike 0-2: 2-RUN HOME RUN (Flyball, 7LD, EV 105.0 MPH), Distance : 354 ft
|
|
Batting: LHB Dave Magadan
|
0-0: Foul Ball, location: 2F 0-1: Ball 1-1: Foul Ball, location: 2F 1-2: Foul Ball, location: 2F 1-2: Foul Ball, location: 2F 1-2: Ball 2-2: Fly out, F6 (Line Drive, 6, EV 63.8 MPH)
|
| Bottom of the 6th over - 2 runs, 2 hits, 0 errors, 0 left on base; New York 2 - San Diego 9 |
| TOP OF THE 7TH |
|
New York Mets batting - Pitching for San Diego Padres : LHP Pete Schourek
|
|
Batting: RHB Bret Boone
|
0-0: Called Strike 0-1: Ball 1-1: Ball 2-1: Foul Ball, location: 2F 2-2: Ground out 6-3 (Groundball, 6, EV 100.6 MPH)
|
|
Batting: RHB Olmedo Saenz
|
0-0: Called Strike 0-1: Ball 1-1: Swinging Strike 1-2: Strikes out swinging
|
|
Batting: RHB Tom Pagnozzi
|
0-0: Called Strike 0-1: Called Strike 0-2: Fly out, F5 (Popup, 25F, EV 85.6 MPH)
|
| Top of the 7th over - 0 runs, 0 hits, 0 errors, 0 left on base; New York 2 - San Diego 9 |
| BOTTOM OF THE 7TH |
|
San Diego Padres batting - Pitching for New York Mets : RHP Jim Bullinger
|
|
Batting: RHB Craig Grebeck
|
0-0: Ball 1-0: Swinging Strike 1-1: Ball 2-1: Swinging Strike 2-2: Ball 3-2: DOUBLE (Line Drive, 7LS, EV 108.8 MPH)
|
|
Batting: RHB Andres Galarraga
|
0-0: Called Strike 0-1: Foul Ball, location: 2F 0-2: Ground out 1-3 (Groundball, 13S, EV 75.0 MPH) Craig Grebeck to third
|
|
Pitching: LHP Mike Sirotka
|
|
|
Batting: RHB Jeff Conine
|
0-0: Ball 1-0: Ball 2-0: Foul Ball, location: 2F 2-1: Called Strike 2-2: Ball 3-2: Foul Ball, location: 2F 3-2: Ground out 6-3 (Groundball, 6, EV 88.8 MPH) Craig Grebeck scores
|
|
Batting: LHB Ed Taubensee
|
0-0: Called Strike 0-1: Foul Ball, location: 2F 0-2: Ground out 4-3 (Groundball, 4, EV 87.5 MPH)
|
| Bottom of the 7th over - 1 run, 1 hit, 0 errors, 0 left on base; New York 2 - San Diego 10 |
| TOP OF THE 8TH |
|
New York Mets batting - Pitching for San Diego Padres : LHP Pete Schourek
|
|
Now at 1B: Tony Clark
|
|
|
Now in RF: Geronimo Berroa
|
|
|
Batting: LHB Cliff Floyd
|
0-0: Ball 1-0: Foul Ball, location: 2F 1-1: Foul Ball, location: 2F 1-2: Ground out 4-3 (Groundball, 4, EV 83.8 MPH)
|
|
Pitching: LHP Norm Charlton
|
|
|
Batting: RHB Magglio Ordonez
|
0-0: Ball 1-0: Foul Ball, location: 2F 1-1: Fly out, F7 (Flyball, 78S, EV 94.4 MPH)
|
|
Batting: RHB Gary Sheffield
|
0-0: SINGLE (Flyball, 8RM, EV 92.5 MPH)
|
|
Batting: RHB Sammy Sosa
|
0-0: Fly out, F9 (Flyball, 89D, EV 106.9 MPH)
|
| Top of the 8th over - 0 runs, 1 hit, 0 errors, 1 left on base; New York 2 - San Diego 10 |
| BOTTOM OF THE 8TH |
|
San Diego Padres batting - Pitching for New York Mets : LHP Mike Sirotka
|
|
Batting: SHB Tony Clark
|
0-0: Ball 1-0: Ball 2-0: SINGLE (Groundball, 6D, EV 106.3 MPH)
|
|
Batting: SHB Matt Walbeck
|
0-0: Called Strike 0-1: DOUBLE (Flyball, 78D, EV 88.8 MPH) Tony Clark to third
|
|
Batting: SHB Manuel Lee
|
0-0: Ball 1-0: Called Strike 1-1: Foul Ball, location: 2F 1-2: Ball 2-2: Strikes out looking
|
|
Batting: LHB Jim Edmonds
|
0-0: Foul Ball, location: 2F 0-1: Swinging Strike 0-2: Strikes out swinging
|
|
Batting: LHB Dave Magadan
|
0-0: Ball 1-0: Ball 2-0: Ball 3-0: Base on Balls
|
|
Batting: RHB Craig Grebeck
|
0-0: Ball 1-0: Called Strike 1-1: Ball 2-1: Ground out 4-3 (Groundball, 4, EV 81.9 MPH)
|
| Bottom of the 8th over - 0 runs, 2 hits, 0 errors, 3 left on base; New York 2 - San Diego 10 |
| TOP OF THE 9TH |
|
New York Mets batting - Pitching for San Diego Padres : LHP Norm Charlton
|
|
Batting: RHB Phil Nevin
|
0-0: Fly out, F7 (Flyball, 7S, EV 94.4 MPH)
|
|
Batting: RHB Greg Colbrunn
|
0-0: Called Strike 0-1: Swinging Strike 0-2: Foul Ball, location: 2F 0-2: Strikes out swinging
|
|
Batting: RHB Bret Boone
|
0-0: Called Strike 0-1: Ball 1-1: Fly out, F8 (Flyball, 8LD, EV 98.8 MPH)
|
| Top of the 9th over - 0 runs, 0 hits, 0 errors, 0 left on base; New York 2 - San Diego 10 |
|